Unix NetHack Version 5.0.0-0 post-release - last build May 31 2026 23:59:36 (970b52f25bf058293b47ddfd14a1e40e571c508c,branch:main).

Game began 2026-06-04 08:46:08, ended 2026-06-04 12:08:54.

FutureTim, lawful female human Valkyrie

   --------
   |......|     --------      ---------
   |.......### #-......|      |........#
   |......|  0@Z|......|      |.......|#
   |......-#   #|......|     #-.......|#
   |......|%    ----.---     #|.......|#            .|
   --------#        #       ##|.......|##    ........|
         #%#        #       # |.......|#      ---- ---
         #          #       # ---------#
         #          ####    #         ##
         #         ######  ###       ##
         #          ---.----#         #
         #          |.....>|#        ##
         #------    |......|#        #-------------
         #|!...|    |.......#        #............|
         #.....|    |......|          |...........|
          |._..|    --------          |...........|
          |...=+                      |.<.........|
          ---|--                      -------------

FutureTim the Skirmisher    St:18/02 Dx:12 Co:18 In:10 Wi:8 Ch:7  Lawful
Dlvl:4  $:1441 HP:0(42) Pw:9(9) AC:4  Xp:4 T:1669  Hungry  

Latest messages:
 You miss Eldrich's ghost.
 The kitten misses Eldrich's ghost.
 Eldrich's ghost misses!
 You miss Eldrich's ghost.
 The kitten misses Eldrich's ghost.
 Eldrich's ghost misses!
 You miss Eldrich's ghost.
 The kitten misses Eldrich's ghost.
 You miss Eldrich's ghost.
 The kitten misses Eldrich's ghost.
 The kitten misses Eldrich's ghost.
 You miss Eldrich's ghost.
 The kitten misses Eldrich's ghost.
 The kitten misses Eldrich's ghost.
 You miss Eldrich's ghost.
 The kitten misses Eldrich's ghost.
 You miss Eldrich's ghost.
 The kitten misses Eldrich's ghost.
 You miss Eldrich's ghost.
 You hear rumbling in the distance.
 The kitten misses Eldrich's ghost.
 You miss Eldrich's ghost.
 The kitten misses Eldrich's ghost.
 The kitten misses Eldrich's ghost.
 You miss Eldrich's ghost.
 The kitten misses Eldrich's ghost.
 The kitten misses Eldrich's ghost.
 You miss Eldrich's ghost.
 The kitten misses Eldrich's ghost.
 Eldrich's ghost touches you!
 You miss Eldrich's ghost.
 The kitten misses Eldrich's ghost.
 The kitten misses Eldrich's ghost.
 You miss Eldrich's ghost.
 The kitten misses Eldrich's ghost.
 You kill the gas spore!
 Boom!
 You are caught in the gas spore's explosion!
 The kitten misses Eldrich's ghost.
 The kitten misses Eldrich's ghost.
 The kitten misses Eldrich's ghost.
 The kitten misses Eldrich's ghost.
 It misses Eldrich's ghost.
 It misses Eldrich's ghost.
 You hear some noises.
 You hear some noises in the distance.
 You kill the iguana!
 The dwarf zombie hits!
 You die...
 Do you want your possessions identified? [ynq] (y) q

Inventory:
 Coins    ('$')
  $ - 1441 gold pieces
 Weapons  (')')
  k - 7 +0 darts
  b - a +0 dagger (alternate weapon; not wielded)
  a - a +1 spear (weapon in left hand)
 Armor    ('[')
  s - an uncursed +0 fedora
  g - an uncursed +1 pair of water walking boots (being worn)
  c - an uncursed +3 small shield (being worn)
 Comestibles  ('%')
  h - an uncursed cram ration
  d - an uncursed partly eaten food ration
 Scrolls  ('?')
  l - an uncursed scroll of enchant armor
  m - an uncursed scroll of remove curse
 Potions  ('!')
  n - an uncursed potion of hallucination
  i - an uncursed potion of monster detection
  j - an uncursed potion of object detection
 Rings    ('=')
  e - an uncursed ring of free action

FutureTim the Valkyrie's attributes:

Background:
 You were a Skirmisher, a level 4 human Valkyrie.
 You were lawful, on a mission for Tyr
 who was opposed by Odin (neutral) and Loki (chaotic).
 You were left-handed.
 You were in the Dungeons of Doom, on level 4.
 You entered the dungeon 1669 turns ago.
 You had 146 experience points, 14 more were needed to attain level 5.

Basics:
 You had 0 out of 42 hit points.
 You had all 9 energy points (spell power).
 Your armor class was 4.
 Your wallet contained 1441 zorkmids.
 Autopickup was off.

Final Characteristics:
 Your strength was 18/02 (limit:18/100).
 Your dexterity was 12 (limit:18).
 Your constitution was 18 (limit:18).
 Your intelligence was 10 (limit:18).
 Your wisdom was 8 (limit:18).
 Your charisma was 7 (limit:18).

Final Status:
 You were hungry.
 You were unencumbered.
 You were wielding a spear.
 You had basic skill with spear.

Final Attributes:
 You were devoutly aligned.
 You were cold resistant.
 You were poison resistant.
 You were stealthy.
 You could walk on water.
 You were unlucky.
 You are dead.

Miscellaneous:
 You encountered 1 bones level.
 Total elapsed playing time was 46 minutes and 15 seconds.

Major events:
 Turn
    1: FutureTim the lawful human Valkyrie entered the dungeon
 1140: attained the rank of Skirmisher (level 3)
 1669: killed by a dwarf zombie

You didn't know any spells.

Skills:
 Fighting Skills
   bare handed combat [Unskilled]
   two weapon combat  [Unskilled]
   riding             [Unskilled]
 Weapon Skills
   dagger             [Basic]
   axe                [Unskilled]
   pick-axe           [Unskilled]
   short sword        [Unskilled]
   broadsword         [Unskilled]
   long sword         [Unskilled]
   two-handed sword   [Unskilled]
   saber              [Unskilled]
   hammer             [Unskilled]
   quarterstaff       [Unskilled]
   polearms           [Unskilled]
   spear              [Basic]
   trident            [Unskilled]
   lance              [Unskilled]
   sling              [Unskilled]
 Spellcasting Skills
   attack spells      [Unskilled]
   escape spells      [Unskilled]

Voluntary challenges:
 Character rerolling was not enabled.
 You never genocided any monsters.
 You never polymorphed an object.
 You never changed form.
 You used no wishes.
Achievements:
 You entered a shop.
 You attained the rank of Skirmisher.

 The Dungeons of Doom: levels 1 to 4
    Level 1:
    Level 2:
       An armor shop, a grave.
    Level 3:
       A scroll shop, an altar, some fountains.
    Level 4: <- You were here.
       An altar, a grave.
       Final resting place for
          you, killed by a dwarf zombie,
          Eldrich-Arc-Hum-Mal-Law, killed by a homunculus, while sleeping.


Vanquished creatures:
  a housecat
  a shrieker
  a little dog
  a homunculus
  2 dwarf zombies
 an iguana
  2 coyotes
  3 gas spores
  2 large kobolds
  2 giant rats
  2 brown molds
  2 green molds
  a red mold
  a gnome zombie
  3 geckos
  3 jackals
  4 goblins
  7 grid bugs
  3 lichens
  a kobold zombie
  6 newts
49 creatures vanquished.

No species were genocided or became extinct.

Game over:
                       ----------
                      /          \
                     /    REST    \
                    /      IN      \
                   /     PEACE      \
                  /                  \
                  |    FutureTim     |
                  |     1441 Au      |
                  |   killed by a    |
                  |   dwarf zombie   |
                  |                  |
                  |                  |
                  |       2026       |
                 *|     *  *  *      | *
        _________)/\\_//(\/(/\)/\//\/|_)_______

Farvel FutureTim the Valkyrie...

You died in The Dungeons of Doom on dungeon level 4 with 2051 points,
and 1441 pieces of gold, after 1669 moves.
You were level 4 with a maximum of 42 hit points when you died.

